Smoke barrage goes south

Match 41447778
End
Construct Section Command Post
Royal Engineer Section
Selects Canadian Shock Battlegroup
Infantry Section
Infantry Section
Infantry Section
Selects Attacking Spirit
Construct Platoon Command Post
Selects Canadian Shock Section
Canadian Shock Section
Humber Armored Car
Infantry Training
Construct Field Infirmary
Grenade Package
Selects Incendiary Munitions
Selects Pyrotechnics
Vickers Machine Gun Team
6-pounder Anti-tank Gun Team
Construct Company Command Post
Crusader II Medium Tank
Foot Guards Section
Crusader II Medium Tank
Selects Churchill Crocodile Heavy Tank
Churchill Crocodile Heavy Tank
Foot Guards Section
Unlock M3 Grant Medium Tanks
M3 Grant Medium Tank
Selects Smoke Operation
M3 Grant Medium Tank
Smoke Operation
M3 Grant Medium Tank
*Mule
3nder
0
0

Comments sign in to comment!

3nder [U] 4 months ago

I just thought the 8rad tanking the shots from the Croc and the Grant was pretty cool